 Dungeon Crawl Stone Soup version 0.27-a0-1502-g47ed6a6988 (webtiles) character file.

Game seed: 13900617215808288362

128 garrulousMonolith the Slasher (level 4, -9/34 HPs)
             Began as a Demonspawn Gladiator on July 8, 2021.
             Mangled by an ice beast (14 damage)
             ... on level 3 of the Dungeon.
             The game lasted 00:03:06 (3311 turns).

garrulousMonolith the Slasher (DsGl)                Turns: 3311, Time: 00:03:07

Health: -9/34      AC:  8    Str: 16    XL:     4   Next: 87%
Magic:  4/4        EV: 11    Int:  9    God:
Gold:   84         SH:  0    Dex: 14    Spells: 3/3 levels left

rFire    . . .     SeeInvis .   a - +0 long sword
rCold    . . .     Faith    .   (no shield)
rNeg     . . .     Spirit   .   e - +0 ring mail
rPois    .         Reflect  .   c - +0 helmet
rElec    .         Harm     .   (no cloak)
rCorr    .         Rampage  .   (no gloves)
Will     .....                  (no boots)
Stlth    +.........             (no amulet)
HPRegen  0.11/turn              (no ring)
MPRegen  0.09/turn              (no ring)

@: no status effects
A: icy blue scales 1, foul stench 1, powered by death 1
a: no special abilities


You were on level 3 of the Dungeon.
You visited 1 branch of the dungeon, and saw 3 of its levels.

You collected 84 gold pieces.

Inventory:

Hand Weapons
 a - a +0 long sword (weapon)
 k - a +3 mace
 n - a +0 vorpal trident
 t - a +2 hunting sling of freezing
Missiles
 d - 3 throwing nets
 j - 12 poisoned darts (quivered)
Armour
 b - a +0 leather armour
 c - a +0 helmet (worn)
 e - a +0 ring mail (worn)
Scrolls
 h - a scroll of enchant weapon {unknown}
 i - a scroll of identify {unknown}
 l - a scroll of fear {unknown}
 m - 2 scrolls of amnesia {unknown}
 o - 4 scrolls of immolation {unknown}
 p - 2 scrolls of teleportation {unknown}
 r - a scroll of vulnerability {unknown}
Potions
 f - a potion of resistance {unknown}
 g - 4 potions of heal wounds {unknown}
 q - a potion of brilliance {unknown}
 s - a potion of curing {unknown}


   Skills:
 + Level 2.8 Fighting
 * Level 3.9 Long Blades
 + Level 2.5 Throwing
 + Level 3.2 Dodging


You had 3 spell levels left.
You didn't know any spells.
Your spell library contained the following spells:

 Spells                   Type           Power      Damage    Failure   Level
 Fireball                 Conj/Fire      0%         3d3       100%        5
 Iskenderun's Battlesphe  Conj           0%         2d6       100%        5
 Conjure Ball Lightning   Conj/Air       0%         3x3d6     100%        6
 Orb of Destruction       Conj           0%         N/A       100%        7


Dungeon Overview and Level Annotations

Branches:
Dungeon (3/15)

Altars:

Annotations:
D:2 1 runed translucent door, Crazy Yiuf


Innate Abilities, Weirdness & Mutations

You are partially covered in icy blue scales. (AC +2)
You may rarely emit foul miasma when damaged in melee.
You regenerate a little health from kills.


Message History

Throw: 16 darts (poison)
Press: ? - help, Q - select action, (/) - cycle Shift-Dir - straight line, f - ice beast
Aim: an ice beast (60% to hit)
You throw a poisoned dart.
The poisoned dart barely misses the ice beast.
Throw: 15 darts (poison)
Press: ? - help, Q - select action, (/) - cycle Shift-Dir - straight line, f/p - ice beast
Aim: an ice beast (60% to hit)
You throw a poisoned dart. The poisoned dart hits the ice beast.
Throw: 14 darts (poison)
Press: ? - help, Q - select action, (/) - cycle Shift-Dir - straight line, f/p - ice beast
Aim: an ice beast (60% to hit)
You throw a poisoned dart. The poisoned dart hits the ice beast.
Throw: 13 darts (poison)
Press: ? - help, Q - select action, (/) - cycle Shift-Dir - straight line, f/p - ice beast
Aim: an ice beast (60% to hit)
You throw a poisoned dart. The poisoned dart hits the ice beast.
You hit the ice beast.
The ice beast is lightly wounded.
The ice beast hits you. The ice beast freezes you!
You barely miss the ice beast.
The ice beast is lightly wounded.
The ice beast barely misses you.
You hit the ice beast but do no damage.
The ice beast is lightly wounded.
The ice beast completely misses you. The ice beast closely misses you.
You barely miss the ice beast.
The ice beast is lightly wounded.
The ice beast barely misses you.
You riposte.
You hit the ice beast.
The ice beast is lightly wounded.
You hit the ice beast but do no damage.
The ice beast is lightly wounded.
The ice beast hits you. The ice beast freezes you!
* * * LOW HITPOINT WARNING * * *
You closely miss the ice beast.
The ice beast is lightly wounded.
The ice beast hits you.
* * * LOW HITPOINT WARNING * * *
The ice beast freezes you!
You die...

.######.....................##.#
.##################.#######.##.#
............................##.#
#####################.########.##
##...........................#...
...........................#.####
...........................#.#..
.....(.....................#.#.#
................@..........#.#.#
...<...........Y...........#'#'##
..............(..................
.............(...................
............(............).......
...........................#+#+#.
...........................#.#.#.
..........[................#.#.#.
.................................


You could see an ice beast.

Vanquished Creatures
  An iguana (D:2)
  Robin (D:2)
  An adder (D:2)
  A worm (D:2)
  A dart slug (D:1)
  7 endoplasms
  A giant cockroach (D:1)
  18 goblins
  5 hobgoblins
  9 jackals (D:1)
  5 kobolds
  3 quokkas
  3 ball pythons
  6 bats
  2 frilled lizards
  2 rats (D:1)
66 creatures vanquished.

Notes
Turn   | Place    | Note
-------+----------+-------------------------------------------
     0 | D:1      | garrulousMonolith the Demonspawn Gladiator began the quest
                  | for the Orb.
     0 | D:1      | Reached XP level 1. HP: 16/16 MP: 1/1
    81 | D:1      | Gained mutation: You are partially covered in icy blue
                  | scales. (AC +2) [demonic ancestry]
    81 | D:1      | Reached XP level 2. HP: 10/22 MP: 2/2
   724 | D:1      | Gained mutation: You may rarely emit foul miasma when
                  | damaged in melee. [demonic ancestry]
   724 | D:1      | Reached XP level 3. HP: 28/28 MP: 3/3
   849 | D:1      | Found a faded altar of an unknown god.
  1425 | D:2      | Noticed Robin
  1767 | D:2      | Killed Robin
  1768 | D:2      | Gained mutation: You regenerate a little health from kills.
                  | [demonic ancestry]
  1768 | D:2      | Reached XP level 4. HP: 22/34 MP: 4/4
  2621 | D:2      | Found a runed translucent door.
  2622 | D:2      | Noticed Crazy Yiuf
  2864 | D:3      | Noticed an ice beast
  3311 | D:3      | Mangled by an ice beast

Illustrated notes

Levels and vault maps discovered:
D:1:      dpeg_arrival_simpleton_c, layout_basic,
          dreamdust_ecumenical_altar_statues
D:2:      wad_crossroads, layout_basic, uniq_robin, uniq_crazy_yiuf_cottage
D:3:      layout_basic, serial_bayou_pond_e

Skill      XL: |  1  2  3 |
---------------+----------+-----
Long Blades    | 3 |  3.9
Throwing       | 2 |  2.5
Dodging        | 3 |  3.2
Fighting       | |  2.8

Action                   |  1- 3 |  4- 6 || total
-------------------------+-------+-------++-------
Melee: Long sword        |    95 |    76 ||   171
Throw: Dart              |       |     4 ||     4
 Stab: Sleeping          |     1 |       ||     1
Armor: Ring mail         |    47 |    36 ||    83
Dodge: Dodged            |    66 |    47 ||   113
       Rpst.: Long sword |    24 |    13 ||    37

Table legend: (Time is in decaauts)
 A = Elapsed time spent in this place.
 B = Non-inter-level travel time spent in this place.
 C = Inter-level travel time spent in this place.
 D = Time resting spent in this place.
 E = Time spent auto-exploring this place.
 F = Levels seen in this place.
 G = Mean time per level.
                   A        B        C        D        E       F      G
               +--------+--------+--------+--------+--------+-----+--------+
         Total |   3348 |   3213 |    135 |    376 |   2355 |   3 | 1116.0 |
       Dungeon |   3348 |   3213 |    135 |    376 |   2355 |   3 | 1116.0 |
               +--------+--------+--------+--------+--------+-----+--------+

Top non-repeatable levels by time:
     D:2: 1813 daAuts
     D:1: 1061 daAuts
     D:3: 474 daAuts
